AoeStats
← damiansima

Arena

510408194Analyzed
4v4 RM · 2d ago on Sep 30, 2026· 42m 42s· 8 players
Game mode
Random Map
Map size
Large (8 player)
Population
200
Speed
Normal
Resources
Standard
Victory
Conquest
Starting age
Dark Age
Ending age
Imperial Age
RankedLock teamsTeams togetherTeam positionsShared explorationLock speedFull tech treeHidden civsTurbo modeCheats
Victory
Defeat
🇹🇷 Maya · Türkiye
1335
+13
🇲🇽 Hindustanis · Mexico
1292
+14
🇲🇽 Inca · Mexico
1290
+14
🇵🇹 Saracens · Portugal
1253
+16
🇷🇺 Khitans · Russia
1340
-18
1247
-14
🇦🇷 Magyars · Argentina
1233
-13
🇹🇷 Portuguese · Türkiye
1206
-12
Caronte
9:26 Feudal Age
14:14 Castle Age
12:12 Double-Bit Axe
13:40 Town Watch
14:30 Wheelbarrow
15:14 Loom
15:33 Horse Collar
19:46 Heavy Plow
24:38 Bow Saw
24:55 Loom
29:26 Imperial Age
27:41 Scale Mail Armor
27:45 Stone Mining
28:54 Chain Mail Armor
28:49 Forging
29:26 Forging
31:22 Chemistry
31:01 Iron Casting
31:14 Hand Cart
31:43 Conscription
32:58 Blast Furnace
36:31 Husbandry
36:41 Scale Barding Armor
37:15 Bloodlines
37:05 Heavy Camel Rider
38:56 Chain Barding Armor
38:39 Imperial Camel Rider
40:33 Plate Barding Armor
41:00 Gold Mining
41:56 Stone Shaft Mining
b² - 4ac
3:05 Loom
11:44 Feudal Age
16:14 Castle Age
22:01 Horse Collar
22:06 Double-Bit Axe
23:13 Champi Runner
23:59 Heavy Plow
24:49 Wheelbarrow
23:57 Champi Warrior
24:55 Squires
25:56 Scale Mail Armor
26:06 Forging
29:58 Pikeman
32:01 Chain Mail Armor
32:21 Iron Casting
37:04 Bow Saw
36:45 Gold Mining
41:21 Imperial Age
39:07 Hand Cart
40:18 Gold Shaft Mining
40:44 Stone Mining
42:58 Crop Rotation
42:03 Capped Ram
42:12 Elite Champi Warrior
42:13 Halberdier
Siny
0:27 Loom
10:58 Feudal Age
11:54 Double-Bit Axe
14:52 Castle Age
13:49 Horse Collar
14:23 Gold Mining
16:01 Bow Saw
19:54 Town Watch
22:36 Wheelbarrow
22:33 Town Patrol
23:37 Stone Mining
24:32 Heavy Plow
25:31 Hand Cart
29:36 Imperial Age
26:59 Arson
27:14 Squires
26:35 Eagle Warrior
27:20 Scale Mail Armor
27:44 Pikeman
28:57 Forging
29:03 Chain Mail Armor
30:39 Iron Casting
29:38 Halberdier
32:12 Plate Mail Armor
32:21 Conscription
35:07 Blast Furnace
36:24 Elite Eagle Warrior
38:43 Holcans
39:23 Crop Rotation
40:45 Two-Man Saw
41:52 Stone Shaft Mining
BARAKA wins!
4:48 Loom
11:03 Feudal Age
15:27 Castle Age
13:29 Double-Bit Axe
13:25 Horse Collar
16:26 Bow Saw
20:53 Wheelbarrow
21:55 Gold Mining
22:55 Heavy Plow
23:35 Gold Shaft Mining
28:24 Imperial Age
27:14 Hand Cart
26:36 Crossbowman
27:08 Fletching
27:58 Ballistics
28:32 Bodkin Arrow
28:38 Padded Archer Armor
28:30 Arbalester
29:47 Thumb Ring
30:06 Bracer
30:21 Leather Archer Armor
31:14 Chemistry
31:48 Two-Man Saw
33:31 Siege Engineers
33:37 Masonry
33:59 Ring Archer Armor
34:27 Onager
36:46 Conscription
38:30 Counterweights
42:04 Coinage
UnCLeMaRcH
2:45 Loom
11:51 Feudal Age
12:16 Horse Collar
12:24 Double-Bit Axe
18:45 Castle Age
17:19 Gold Mining
17:55 Stone Mining
18:08 Fletching
21:06 Bow Saw
21:38 Bodkin Arrow
22:32 Wheelbarrow
21:42 Town Watch
22:37 Heavy Plow
32:58 Imperial Age
33:07 Elite Organ Gun
34:42 Conscription
37:52 Arquebus
40:35 Crop Rotation
boomer2000
10:49 Feudal Age
12:02 Double-Bit Axe
12:20 Domestication
14:42 Castle Age
15:19 Wheelbarrow
14:46 Loom
15:36 Wheelbarrow
17:12 Bow Saw
17:40 Pastoralism
22:23 Gold Mining
27:36 Imperial Age
25:43 Wheelbarrow
25:47 Fortified Wall
25:38 Stone Mining
25:44 Town Watch
26:09 Scale Barding Armor
26:15 Forging
26:48 Hand Cart
27:28 Squires
27:14 Arson
27:18 Town Watch
27:48 Husbandry
28:21 Chain Barding Armor
28:36 Iron Casting
27:52 Fletching
27:55 Elite Steppe Lancer
29:43 Stone Shaft Mining
30:12 Two-Man Saw
30:42 Plate Barding Armor
30:23 Light Cavalry
31:44 Transhumance
32:47 Ballistics
33:28 Chemistry
32:11 Treadmill Crane
33:10 Bodkin Arrow
33:46 Caravan
35:15 Thumb Ring
35:28 Masonry
35:30 Bracer
35:32 Padded Archer Armor
36:24 Parthian Tactics
35:30 Heavy Cavalry Archer
39:52 Ordo Cavalry
39:39 Hussar
damiansima
11:07 Feudal Age
15:11 Castle Age
13:18 Double-Bit Axe
13:24 Horse Collar
14:14 Gold Mining
16:42 Bow Saw
23:38 Wheelbarrow
23:37 Scale Barding Armor
24:21 Stone Mining
26:18 Hand Cart
25:49 Loom
29:59 Imperial Age
27:24 Town Watch
27:31 Fletching
27:41 Padded Archer Armor
28:44 Chain Barding Armor
28:22 Bodkin Arrow
28:54 Thumb Ring
29:08 Leather Archer Armor
30:44 Bracer
31:51 Chemistry
32:14 Parthian Tactics
32:21 Ring Archer Armor
33:54 Bloodlines
33:45 Husbandry
34:23 Hoardings
35:56 Heavy Cavalry Archer
37:58 Conscription
38:39 Chain Barding Armor
38:41 Ballistics
38:27 Siege Engineers
38:33 Masonry
39:44 Plate Barding Armor
39:44 Elite Magyar Huszar
40:23 Elite Skirmisher
41:36 Light Cavalry
42:51 Recurve Bow
42:56 Corvinian Army
KiFQiT - Joseph Vissarionovitch
10:45 Feudal Age
11:08 Loom
15:33 Castle Age
26:39 Imperial Age
27:45 Conscription
Connection lost

Rejoining the realm…

Still unreachable

The connection could not be restored.

Session expired

The server has moved on; the page needs a fresh start.